 Dungeon Crawl Stone Soup version 0.29-a0-317-gd16b76e6b1 (webtiles) character file.

Game seed: 11061060016566997326

191 KristoblXynda the Ruffian (level 5, -17/46 HPs)
             Began as a Troll Hedge Wizard on Apr 1, 2022.
             Killed from afar by Ijyb (29 damage)
             ... with a bolt of acid
             ... on level 3 of the Dungeon.
             The game lasted 00:02:40 (2122 turns).

KristoblXynda the Ruffian (Troll Hedge Wizard)      Turns: 2122, Time: 00:02:40

Health: -17/46     AC:  5    Str: 18    XL:     5   Next: 42%
Magic:  6/7        EV: 10    Int: 10    God:
Gold:   157        SH:  0    Dex: 11    Spells: 7/8 levels left

rFire   . . .      SeeInvis .     - Unarmed
rCold   . . .      Faith    .   (no shield)
rNeg    . . .      Spirit   .   b - +0 robe
rPois   .          Reflect  .   c - +0 hat
rElec   .          Harm     .   m - +0 cloak
rCorr   .          Rampage  .   (gloves unavailable)
Will    .....                   (boots unavailable)
Stlth   +.........              (no amulet)
HPRegen 0.95/turn               (no ring)
MPRegen 0.10/turn               (no ring)

@: no status effects
A: large, unfitting armour, claws 3, regeneration 1, shaggy fur 1, tough skin 1
a: no special abilities


You were on level 3 of the Dungeon.
You visited 1 branch of the dungeon, and saw 3 of its levels.

You collected 157 gold pieces.

Inventory:

Hand Weapons
 r - a +2 broad axe of venom
Armour
 b - a +0 robe (worn)
 c - a +0 hat (worn)
 m - a +0 cloak (worn)
Scrolls
 e - 2 scrolls of vulnerability {unknown}
 f - 2 scrolls of magic mapping {unknown}
 i - 2 scrolls of teleportation {unknown}
 k - 4 scrolls of identify {unknown}
 p - a scroll of blinking {unknown}
Potions
 a - a potion of cancellation {unknown}
 d - a potion of magic
 g - a potion of curing
 h - 2 potions of degeneration {unknown}
 j - a potion of ambrosia {unknown}
 l - 2 potions of berserk rage {unknown}
 o - a potion of might {unknown}
 q - a potion of brilliance {unknown}
 s - a potion of attraction {unknown}
 t - a potion of invisibility {unknown}


   Skills:
 - Level 0.6 Fighting
 + Level 2.5 Dodging
 - Level 1.0 Stealth
 + Level 4.4 Unarmed Combat
 - Level 2.0 Spellcasting
 + Level 0.7 Conjurations
 - Level 0.6 Summonings
 - Level 0.6 Translocations


You had 7 spell levels left.
You knew the following spells:

 Your Spells              Type           Power      Damage    Failure   Level
a - Magic Dart            Conj           8%         1d3       22%         1

Your spell library contained the following spells:

 Spells                   Type           Power      Damage    Failure   Level
 Slow                     Hex            4%         N/A       30%         1
 Blink                    Tloc           4%         N/A       36%         2
 Call Imp                 Summ           2%         N/A       36%         2
 Conjure Flame            Conj/Fire      1%         6-21      63%         3
 Mephitic Cloud           Conj/Pois/Air  1%         N/A       63%         3
 Frozen Ramparts          Ice            2%         1d2       67%         3
 Summon Ice Beast         Ice/Summ       1%         N/A       95%         4
 Ice Form                 Ice/Tmut       1%         N/A       97%         4


Dungeon Overview and Level Annotations

Branches:
Dungeon (3/15)

Altars:

Annotations:
D:3 Ijyb


Innate Abilities, Weirdness & Mutations

You are too large for most types of armour.
You have claws for hands.
Your natural rate of healing is unusually fast.
You are covered in fur. (AC +1)
You have tough skin. (AC +1)


Message History

Ijyb is nearby!
Ijyb shouts!
Casting: Magic Dart (safe; 22% risk of failure)
Confirm with . or Enter, or press ? or * to list all spells.
Aiming: Magic Dart (safe; 22% risk of failure)
Press: ? - help, Shift-Dir - straight line, f - Ijyb
Aim: Ijyb, wielding a +0 club, wearing a +0 leather armour and carrying a wand of acid (6) (100% to hit)
The magic dart hits Ijyb but does no damage.
Ijyb barely misses you.
You scratch Ijyb.
Ijyb is moderately wounded.
Ijyb zaps a wand.
The bolt of acid hits you!!!
Ouch! That really hurt!
* * * LOW HITPOINT WARNING * * *
You scratch Ijyb but do no damage.
Ijyb is moderately wounded.
Ijyb barely misses you.
You claw Ijyb!
Ijyb is almost dead.
Ijyb misses you.
You barely miss Ijyb.
Ijyb is almost dead.
Ijyb drinks a potion.
Ijyb is healed!
Aiming: Magic Dart (safe; 22% risk of failure)
Press: ? - help, Q - select action, (/) - cycle Shift-Dir - straight line, f/p - Ijyb
Aim: Ijyb, wielding a +0 club, wearing a +0 leather armour and carrying a wand of acid (5) (heavily wounded, 100% to hit)
Okay, then.
Throw: throwing net
Press: ? - help, Q - select action, (/) - cycle Shift-Dir - straight line, f/p - Ijyb
Aim: Ijyb, wielding a +0 club, wearing a +0 leather armour and carrying a wand of acid (5) (heavily wounded, 45% to hit)
You throw a throwing net. The throwing net hits Ijyb.
Ijyb is caught in the net!
Ijyb is heavily wounded.
Ijyb struggles against the net.
You scratch Ijyb.
Ijyb is severely wounded.
Ijyb screams, "You nasty!
Big nasty!"
Ijyb zaps a wand.
The bolt of acid hits you!!
Ouch! That really hurt!
You die...

...........##.##.#####.#
........#(..#.##.......#
###.####.........#.##.##
# #.# #.......†.#.##.# #
#.# #........##.##.# #
#.# #........##.##.# #
#.####.....>........# #
#.............g...###
#..###........@...#
###..###########....#
....................#
.....###########....#
.##..# #....# .##..#
#....############ .....#
#...............# .###.#
####............# .# ..
#.[..........#


You could see Ijyb (caught).

Vanquished Creatures
  An ogre (D:3)
  3 gnolls (D:2)
  A shadow imp (D:3)
  A worm (D:2)
  A dart slug (D:1)
  3 orcs
  7 ball pythons
  8 endoplasms
  3 goblins
  2 hobgoblins (D:1)
  4 jackals (D:2)
  2 quokkas (D:1)
  5 bats
  4 frilled lizards
  9 kobolds
  6 rats
60 creatures vanquished.

Vanquished Creatures (others)
  7 plants (D:1)
7 creatures vanquished.

Grand Total: 67 creatures vanquished

Notes
Turn   | Place    | Note
-------+----------+-------------------------------------------
     0 | D:1      | KristoblXynda the Troll Hedge Wizard began the quest for
                  | the Orb.
     0 | D:1      | Reached XP level 1. HP: 16/16 MP: 2/2
   192 | D:1      | Reached skill level 1 in Unarmed Combat
   192 | D:1      | Reached XP level 2. HP: 24/24 MP: 4/4
   724 | D:2      | Reached skill level 2 in Unarmed Combat
   724 | D:2      | Reached XP level 3. HP: 31/31 MP: 5/5
   927 | D:2      | Found a faded altar of an unknown god.
   989 | D:2      | Reached skill level 3 in Unarmed Combat
   989 | D:2      | Reached XP level 4. HP: 39/39 MP: 6/6
  1443 | D:3      | Noticed an ogre
  1607 | D:3      | Killed an ogre
  1608 | D:3      | Reached skill level 4 in Unarmed Combat
  1608 | D:3      | Reached XP level 5. HP: 5/46 MP: 7/7
  1802 | D:3      | Noticed Ijyb
  2122 | D:3      | Killed from afar by Ijyb

Illustrated notes

Levels and vault maps discovered:
D:1:      saegor_arrival_under_anarchy, layout_basic, serial_bayou_lake_a
D:2:      layout_basic, hellmonk_ecumenical_altar_slurped_away
D:3:      layout_basic, minmay_bisected, uniq_ijyb, uniq_sigmund

Skill      XL: |  1  2  3  4 |
---------------+-------------+-----
Unarmed Combat | 1 2 3 4 |  4.4
Dodging        | 2 |  2.5
Fighting       | |  0.6
Stealth        | |  1.0
Spellcasting   | |  2.0
Conjurations   | |  0.7
Summonings     | |  0.6
Translocations | |  0.6

Action                   |  1- 3 |  4- 6 || total
-------------------------+-------+-------++-------
Melee: Unarmed           |    96 |    53 ||   149
       Punch             |     2 |     1 ||     3
Throw: Throwing net      |       |     1 ||     1
 Cast: Magic Dart        |       |     1 ||     1
 Stab: Sleeping          |     2 |     2 ||     4
Armor: Robe              |    32 |    24 ||    56
Dodge: Dodged            |    47 |    39 ||    86

Table legend: (Time is in decaauts)
 A = Elapsed time spent in this place.
 B = Non-inter-level travel time spent in this place.
 C = Inter-level travel time spent in this place.
 D = Time resting spent in this place.
 E = Time spent auto-exploring this place.
 F = Levels seen in this place.
 G = Mean time per level.
                   A        B        C        D        E       F      G
               +--------+--------+--------+--------+--------+-----+--------+
         Total |   2130 |   2034 |     96 |    250 |   1343 |   3 |  710.0 |
       Dungeon |   2130 |   2034 |     96 |    250 |   1343 |   3 |  710.0 |
               +--------+--------+--------+--------+--------+-----+--------+

Top non-repeatable levels by time:
     D:2: 905 daAuts
     D:1: 663 daAuts
     D:3: 561 daAuts
